 Dungeon Crawl Stone Soup version 0.31-a0-182-gc5ef74bbde (webtiles) character file.

Game seed: 6487945957683250654

18 Moral the Trooper (level 2, -1/27 HPs)
             Began as an Armataur Berserker on June 22, 2023.
             Was a Follower of Trog.
             Slain by a gnoll
             ... wielding a +0 spear
              (3 damage)
             ... on level 1 of the Dungeon.
             The game lasted 00:01:43 (313 turns).

Moral the Trooper (Armataur Berserker)               Turns: 313, Time: 00:01:43

Health: -1/27      AC:  4    Str: 22    XL:     2   Next: 51%
Magic:  2/2        EV:  9    Int:  7    God:    Trog [*.....]
Gold:   49         SH:  0    Dex:  9    Spells: 1/1 levels left

rFire   . . .        a - +0 mace
rCold   . . .        (no shield)
rNeg    . . .        b - +0 animal skin
rPois   .            (no helmet)
rElec   .            (no cloak)
rCorr   .            (no gloves)
SInv    .            (no barding)
Will    .....        (no amulet)
Stlth   +            (no ring)
HPRegen 0.24/turn    (no ring)
MPRegen 0.08/turn

%: roll
@: weak-willed
A: large, rugged brown scales 3, deformed body, armoured tail, roll, long
tongue, awkward tongue
a: Renounce Religion, Berserk


You were on level 1 of the Dungeon.
You worshipped Trog.
Trog was aware of your devotion.
You visited 1 branch of the dungeon, and saw 1 of its levels.

You collected 49 gold pieces.

Inventory:

Hand Weapons
 a - a +0 mace (weapon)
Armour
 b - a +0 animal skin (worn)
Potions
 c - a potion of heal wounds {unknown}


   Skills:
 + Level 3.0 Fighting
 + Level 2.9 Maces & Flails
 + Level 2.9 Armour
 - Level 1.5 Dodging


You had one spell level left.
You didn't know any spells.
Your spell library was empty.

Dungeon Overview and Level Annotations

Branches:
Dungeon (1/15)

Altars:


Innate Abilities, Weirdness & Mutations

You are completely covered in rugged brown scales. (AC +3, +7% HP)
Armour fits poorly on your strangely shaped body.
You have a long armoured tail.
You roll when moving toward enemies. (Rampage)
Your long tongue fully drains potion bottles. (2x potion effects)
Your tongue gives you trouble enunciating. (1.5x scroll delay)


Message History

You roll towards the ball python!
Found a robe.
You hit the ball python.
The ball python is severely wounded.
The ball python barely misses you.
You hit the ball python.
You kill the ball python!
Trog accepts your kill.
Something bites the plant.
The plant begins to die.
Your Fighting skill increases to level 3!
You hit the goblin.
The goblin is severely wounded.
Something bites the plant.
The plant begins to die.
The goblin hits you with a +0 dagger. The gnoll hits you but does no damage.
A kobold comes into view. It is wielding a +0 short sword.
The goblin hits you with a +0 dagger.
The kobold hits the plant with a +0 whip.
The plant begins to die.
The gnoll hits you from afar with a +0 spear.
You roll towards the gnoll!
A rat comes into view.
You barely miss the gnoll.
The kobold shouts!
You hear a shout!
The gnoll hits you with a +0 spear.
The kobold hits the plant with a +0 whip.
The goblin completely misses you.
You barely miss the gnoll.
A nearby plant withers and dies.
The kobold hits the plant with a +0 whip.
The goblin hits you but does no damage. The gnoll hits you with a +0 spear.
* * * LOW HITPOINT WARNING * * *
You hit the gnoll.
The gnoll is heavily wounded.
The goblin hits you with a +0 dagger.
* * * LOW HITPOINT WARNING * * *
The gnoll hits you with a +0 spear.
* * * LOW HITPOINT WARNING * * *
The kobold hits the plant with a +0 whip.
As you slowly read the scroll labelled SINOBIOBREM, it crumbles to dust.
Magic quickly surges around you.
It was a scroll of vulnerability.
A nearby plant withers and dies. x2; The goblin hits you but does no damage.
The gnoll hits you with a +0 spear.
You die...

#......#.##.
######...#.##.##.###.##.
...........##.##.###.##.
..P.P.P..#g##......^.##.
..P.P.PP.#.#####.######>
.P.......#.# #.# #.
...P..K..#.# #.# #.
.PPr..gP.#.#####.######.
......P@g#....†.........
..PPPPPg...#####.######.
#[.....K#### #.# ##
#####..## #.# .$.. #..
####. ### #. #.


You could see a gnoll (weak-willed), a hobgoblin (weak-willed), a goblin
(weak-willed), 2 kobolds and a rat (weak-willed).

Vanquished Creatures
  A dart slug (D:1)
  2 bats (D:1)
  2 endoplasms (D:1)
  A giant cockroach (D:1)
  A goblin (D:1)
  2 hobgoblins (D:1)
  2 kobolds (D:1)
  2 ball pythons (D:1)
  A frilled lizard (D:1)
  A rat (D:1)
15 creatures vanquished.

Notes
Turn   | Place    | Note
-------+----------+-------------------------------------------
     0 | D:1      | Moral the Armataur Berserker began the quest for the Orb.
     0 | D:1      | Reached XP level 1. HP: 19/19 MP: 1/1
   261 | D:1      | Reached XP level 2. HP: 26/26 MP: 2/2
   309 | D:1      | Reached skill level 3 in Fighting
   312 | D:1      | HP: 1/27 [gnoll/+0 spear (5)]
   313 | D:1      | Slain by a gnoll

Illustrated notes

Levels and vault maps discovered:
D:1:      wheals_arrival_shading, layout_loops_ring, nicolae_grassy_gnolls

Skill      XL: |  1  2 |
---------------+-------+-----
Fighting       | 3 |  3.0
Maces & Flails | |  2.9
Armour         | |  2.9
Dodging        | |  1.5

Action                     || total
---------------------------++-------
  Melee: Mace              ||    36
         Tailslap          ||     2
    Use: Scroll            ||     1
 Armour: Animal skin       ||     9
  Dodge: Dodged            ||    21

Table legend: (Time is in decaauts)
 A = Elapsed time spent in this place.
 B = Non-inter-level travel time spent in this place.
 C = Inter-level travel time spent in this place.
 D = Time resting spent in this place.
 E = Time spent auto-exploring this place.
 F = Levels seen in this place.
 G = Mean time per level.
                   A        B        C        D        E       F      G
               +--------+--------+--------+--------+--------+-----+--------+
         Total |    322 |    322 |      0 |    100 |    126 |   1 |  322.0 |
       Dungeon |    322 |    322 |      0 |    100 |    126 |   1 |  322.0 |
               +--------+--------+--------+--------+--------+-----+--------+

Top non-repeatable levels by time:
     D:1: 322 daAuts
